Map: 프로스트 - 래더

Players

토스한테왜들지냐

  • Race: Terran Terran
  • League: Master

IIIIIIIIIIII - Winner!

  • Race: Zerg Zerg
  • League: Diamond

VOD

Have the link to the VOD?

Description

Time

  • Played on: July 25, 2016, 2:11 p.m.
  • Length: 14:12
Show
View Real Time Build Order
Export as new Build Order

토스한테왜들지냐 Terran 

Build Orders: Command Center First (CC), Bio Tank 

Get SALT Encoding   

  12  0:00  SCV  
  13  0:13  SCV  
  14  0:17  Supply Depot  
  14  0:25  SCV  
  15  0:39  SCV  
  16  0:51  SCV  
  17  1:03  Command Center  
  17  1:07  SCV  
  18  1:13  Refinery  
  18  1:23  Barracks  
  18  1:27  SCV  
  19  1:39  SCV  
  20  1:51  SCV  
  21  2:06  SCV  
  22  2:11  Marine  
  22  2:15  Factory  
  23  2:16  Orbital Command  
  23  2:19  Bunker  
  23  2:23  Orbital Command  
  23  2:34  Barracks Reactor  
  22  2:51  SCV  
  22  2:53  SCV  
  22  2:55  Barracks  
  22  2:57  Refinery  
  24  3:02  Barracks  
  24  3:05  SCV  
  24  3:08  SCV  
  24  3:11  Marine x2  
  28  3:15  Factory Tech Lab  
  28  3:17  SCV  
  28  3:18  Supply Depot  
  29  3:23  SCV  
  30  3:28  Marine  
  30  3:29  Marine  
  30  3:30  SCV  
  33  3:36  SCV  
  33  3:38  Supply Depot  
  33  3:39  Siege Tank  
  37  3:42  SCV  
  37  3:51  Marine x3  
  40  3:58  Starport  
  40  4:05  SCV x2  
  42  4:15  Marine  
  42  4:16  Marine  
  44  4:18  Siege Tank  
  47  4:32  Supply Depot  
  47  4:36  Refinery  
  47  4:38  Supply Depot  
  47  4:40  Barracks Tech Lab  
  47  4:42  Barracks Reactor  
  47  4:45  Supply Depot  
  46  4:53  Medivac, SCV x2  
  45  5:02  Marine, Siege Tank  
  45  5:06  SCV x2  
  50  5:18  SCV x2, Barracks Reactor  
  52  5:25  Medivac  
  54  5:30  SCV x2  
  56  5:42  SCV x2  
  58  5:45  Marine, Siege Tank  
  58  5:46  Marine x2  
  64  5:50  Barracks  
  64  5:51  Barracks  
  64  5:54  SCV x2  
  66  6:03  Medivac  
  68  6:05  Stimpack  
  68  6:06  SCV x2  
  68  6:07  Supply Depot  
  68  6:08  Supply Depot  
  68  6:09  Engineering Bay  
  70  6:12  Engineering Bay  
  70  6:29  SCV x2  
  70  6:32  Marine x3, Command Center  
  77  6:33  Marauder, Starport Reactor  
  77  6:38  Marine  
  79  6:41  SCV x2  
  79  6:44  Refinery  
  79  6:46  Barracks Tech Lab  
  81  6:48  Siege Tank, Barracks Tech Lab  
  81  6:50  Marine x2  
  85  6:55  Missile Turret  
  85  6:57  Missile Turret  
  85  7:01  Terran Infantry Weapons Level 1  
  85  7:04  Terran Infantry Armor Level 1, Supply Depot  
  85  7:10  Marauder  
  85  7:13  Marine x2  
  85  7:19  Marine  
  86  7:26  Marine, Marauder x2  
  86  7:29  Siege Tank  
  94  7:34  Marine  
  94  7:36  Marine  
  94  7:39  Marine  
  94  7:41  Marauder  
  94  7:44  Marine  
  91  7:48  Marauder x2  
  91  7:51  Armory  
  95  7:52  Marine, Supply Depot  
  95  7:53  Supply Depot  
  95  7:54  Combat Shields  
  92  8:00  Concussive Shells  
  92  8:01  Marine x2  
  92  8:02  Marauder  
  92  8:03  Marine  
  91  8:09  Marine  
  91  8:11  Marine, Marauder  
  93  8:19  Marine x2, Medivac  
  89  8:23  Marauder  
  89  8:26  Marine x2  
  92  8:31  Orbital Command  
  92  8:33  Marauder  
  89  8:37  SCV x2  
  90  8:44  Marine x2  
  90  8:45  Marauder  
  93  8:51  SCV x2  
  93  8:52  Marine x3  
  93  8:54  Siege Tank  
  101  8:59  Marine  
  101  9:02  Marine  
  104  9:03  SCV x2  
  104  9:06  Marauder  
  104  9:07  Terran Infantry Weapons Level 2, Supply Depot  
  107  9:10  Terran Infantry Armor Level 2  
  107  9:13  Marine  
  108  9:21  Marine x3  
  108  9:22  Marauder x2  
  108  9:23  SCV x2  
  117  9:26  Siege Tank  
  117  9:27  Refinery  
  117  9:30  Marine  
  117  9:31  Marine, Medivac  
  120  9:39  Marine x2  
  120  9:41  Marine  
  120  9:43  Marauder x2  
  117  9:48  Marine, Marauder  
  115  9:56  Marine, Barracks  
  115  9:57  Marine, Barracks  
  115  9:58  Marine  
  118  10:01  Barracks  
  118  10:04  Marauder  
  118  10:05  Marauder  
  118  10:06  Marine  
  123  10:09  Marauder  
  123  10:14  Marine x2  
  123  10:16  Marine  
  113  10:24  Marine  
  113  10:26  Marauder x2  
  111  10:31  Marauder  
  111  10:32  Marine x2  
  111  10:34  Marine, Medivac x2  
  111  10:35  Siege Tank  
  113  10:42  Marine  
  114  10:47  Marauder x2  
  114  10:48  Liberator  
  116  10:50  Marine x2  
  116  10:52  Marine, Marauder  
  116  10:53  Terran Vehicle Weapons Level 1  
  116  10:55  Barracks Tech Lab  
  116  10:56  Barracks Tech Lab x2  
  118  10:59  Missile Turret, Refinery  
  118  11:00  Marine  
  112  11:08  Marine x2  
  112  11:09  Marauder x2  
  112  11:10  Marine  
  113  11:14  Marauder  
  114  11:19  Marine, Marauder x3  
  114  11:21  Siege Tank  
  124  11:25  Marine  
  124  11:28  Marine x2  
  124  11:30  Marauder x2  
  117  11:35  Marauder  
  117  11:37  Marine  
  115  11:40  Marine, Marauder  
  115  11:41  Marauder  
  115  11:43  Marine  
  115  11:46  Marine  
  117  11:47  Marine  
  117  11:51  Marauder x2  
  109  11:54  Marine  
  109  11:56  Marine  
  109  11:58  Marine  
  108  12:02  Marauder  
  108  12:04  Marine  
  108  12:05  Marine, Marauder, Refinery  
  114  12:13  Marine, Marauder x2  
  114  12:14  Marauder  
  121  12:16  Marauder  
  121  12:22  Marine x2  
  124  12:23  Marauder  
  124  12:25  Marine  
  124  12:26  Marauder  
  129  12:31  Marine  
  129  12:34  Marine, Medivac  
  129  12:36  Marine  
  133  12:37  Liberator, Marauder  
  133  12:42  Siege Tank  
  133  13:00  Liberator  
  133  13:11  Marine x3  
  133  13:13  Marine x2  
  133  13:15  Marauder  
  133  13:16  Marine  
  133  13:17  Marine, Marauder  
  133  13:18  Marine  
  96  13:29  Marine x3  
  96  13:31  Marine, Marauder  
  98  13:34  Marauder  
  98  13:37  Siege Tank  
  98  13:38  Medivac  
  105  13:42  Marine  
  105  13:47  Marine x2  
  105  13:48  Marauder  
  104  13:52  Marine  
Show
View Real Time Build Order
Export as new Build Order

IIIIIIIIIIII Zerg - Winner!

Build Orders: Pool First 

Get SALT Encoding   

  12  0:01  Drone  
  13  0:11  Drone  
  14  0:18  Overlord  
  14  0:37  Drone x3  
  17  0:50  Spawning Pool  
  17  0:51  Extractor  
  17  0:52  Drone  
  16  1:02  Drone  
  17  1:17  Drone  
  18  1:26  Hatchery  
  18  1:29  Drone  
  18  1:35  Drone  
  19  1:43  Queen  
  21  1:55  Roach Warren  
  21  1:58  Drone  
  21  2:02  Drone  
  22  2:11  Overlord  
  22  2:38  Roach  
  22  2:39  Roach x3  
  22  2:41  Queen  
  32  2:52  Overlord  
  32  2:55  Drone x3  
  32  2:57  Drone  
  36  3:13  Ravager x2  
  36  3:15  Ravager  
  39  3:21  Drone x2  
  39  3:22  Drone x3  
  39  3:26  Overlord  
  44  3:46  Ravager  
  45  3:53  Drone x7  
  45  3:55  Overlord  
  52  4:27  Hatchery  
  51  4:34  Drone  
  51  4:35  Drone x8  
  51  4:37  Extractor  
  51  4:38  Lair, Extractor  
  55  5:10  Drone  
  55  5:11  Drone x3  
  55  5:12  Evolution Chamber, Drone  
  55  5:13  Extractor  
  58  5:29  Evolution Chamber  
  57  5:42  Glial Reconstitution, Queen  
  57  5:44  Zerg Missile Weapons Level 1  
  59  5:54  Roach x3  
  59  5:56  Overlord x4  
  65  5:57  Drone  
  65  6:02  Zerg Ground Armor Level 1  
  66  6:06  Overseer  
  66  6:15  Roach  
  66  6:16  Roach x8  
  84  6:35  Drone x9  
  93  6:41  Overlord  
  93  6:45  Ravager x2  
  95  6:51  Ravager x2  
  97  6:55  Overlord  
  97  6:56  Overlord  
  97  7:17  Roach x8  
  97  7:21  Overlord x2  
  90  7:47  Roach x3  
  90  7:48  Roach x7  
  110  7:51  Zerg Missile Weapons Level 2  
  110  8:08  Zerg Ground Armor Level 2  
  106  8:17  Roach x5  
  106  8:18  Roach x5  
  94  8:37  Ravager  
  93  8:44  Drone  
  93  8:45  Drone x8  
  93  8:47  Extractor  
  101  8:49  Extractor  
  101  8:50  Roach x2  
  104  8:58  Roach x2  
  108  9:03  Hatchery  
  108  9:09  Roach  
  109  9:10  Roach x10  
  129  9:22  Ravager  
  130  9:24  Overlord x3  
  102  9:51  Roach  
  102  9:52  Roach x13  
  113  10:03  Ravager x6  
  113  10:04  Ravager  
  113  10:05  Roach x3  
  96  10:31  Roach  
  96  10:32  Roach x14  
  96  10:33  Roach x2  
  126  10:36  Queen  
  126  10:48  Roach x6  
  126  10:49  Roach  
  122  11:04  Roach x3  
  122  11:05  Roach x2  
  130  11:14  Drone  
  130  11:15  Infestation Pit, Overseer  
  130  11:19  Drone x3  
  130  11:20  Drone x8  
  129  11:34  Roach  
  129  11:35  Roach x4  
  139  11:41  Roach  
  139  11:42  Roach  
  139  11:43  Overlord  
  115  12:02  Hive  
  115  12:05  Roach  
  115  12:06  Roach x12  
  139  12:15  Ravager x5, Extractor x2  
  143  12:16  Ravager x2  
  143  12:17  Roach x4  
  152  12:40  Overlord x2  
  152  12:41  Overlord x3  
  152  12:55  Overseer  
  152  13:00  Roach  
  152  13:01  Roach x14  
  152  13:03  Ravager x2  
  152  13:04  Hatchery  
  151  13:20  Roach x7  
  143  13:28  Roach x7  
  143  13:29  Roach x3  
  163  13:38  Ravager  
  162  13:51  Roach  
Tags
 
Add a new tag
Caveats
  • Supply blocks, unpowered buildings, or Contaminate may cause inaccurate times.
  • Supply counts are checked every 10 seconds.